[Event "Fagernes Open 2021"]
[Site "Fagernes"]
[Date "2021.10.16"]
[Round "8.10"]
[White "Unhjem, Bjorn Robert Lovoll"]
[Black "Cross, Jamie"]
[Result "1-0"]
[ECO "B01"]
[WhiteElo "1924"]
[BlackElo "1761"]
[Annotator "NA"]
[PlyCount "29"]
[EventDate "2021.10.10"]
[EventCountry "NOR"]
[SourceTitle "playchess.com"]
[Source "ChessBase"]
[SourceQuality "1"]
[TimeControl "40/5400+30:1800+30"]

1. e4 d5 2. exd5 Qxd5 3. Nf3 Bg4 4. Be2 Nc6 5. h3 Bh5 6. Nc3 Qd7 7. O-O O-O-O 8. d3 h6 9. Nb5 g5 10. d4 a6 11. a4 axb5 12. axb5 Nb8 13. Ra8 Nf6 14. Ne5 Bxe2 15. Rxb8+ 1-0

[Event "Fagernes Open 2021"]
[Site "Fagernes"]
[Date "2021.10.16"]
[Round "8.11"]
[White "Stenseng, Benjamin"]
[Black "Edvardsen, Ragnar"]
[Result "0-1"]
[ECO "B33"]
[WhiteElo "1590"]
[BlackElo "1865"]
[Annotator "NA"]
[PlyCount "84"]
[EventDate "2021.10.10"]
[EventCountry "NOR"]
[SourceTitle "playchess.com"]
[Source "ChessBase"]
[SourceQuality "1"]
[TimeControl "40/5400+30:1800+30"]

1. e4 c5 2. Nf3 Nc6 3. d4 cxd4 4. Nxd4 Nf6 5. Nc3 e5 6. Nf3 Bb4 7. Bc4 O-O 8. O-O a6 9. Re1 b5 10. Bd3 d6 11. h3 h6 12. Bd2 Be6 13. a4 Bxc3 14. Bxc3 b4 15. Bd2 a5 16. c3 Rb8 17. cxb4 Nxb4 18. Bf1 Qb6 19. Be3 Qb7 20. Nd2 Rfc8 21. Rc1 Rxc1 22. Qxc1 Na2 23. Qc2 Qxb2 24. Qc7 Nc3 25. Qxa5 Qb4 26. Qa7 Nfxe4 27. Bd3 d5 28. f3 Nxd2 29. Bxd2 Qd4+ 30. Qxd4 exd4 31. a5 Rb2 32. Bf4 Ra2 33. a6 Bd7 34. Re7 Bb5 35. a7 Bxd3 36. Re8+ Kh7 37. a8=Q Rxa8 38. Rxa8 Ne2+ 39. Kf2 Nxf4 40. Rd8 Bc4 41. g3 Nxh3+ 42. Ke1 Ng5 0-1

[Event "Fagernes Open 2021"]
[Site "Fagernes"]
[Date "2021.10.16"]
[Round "8.13"]
[White "Kveim, Ingvar Torjesen"]
[Black "Lystad, Maximilian L"]
[Result "1-0"]
[ECO "C02"]
[WhiteElo "1466"]
[BlackElo "1767"]
[Annotator "NA"]
[PlyCount "63"]
[EventDate "2021.10.10"]
[EventCountry "NOR"]
[SourceTitle "playchess.com"]
[Source "ChessBase"]
[SourceQuality "1"]
[TimeControl "40/5400+30:1800+30"]

1. e4 e6 2. d4 d5 3. e5 c5 4. c3 Qb6 5. Nf3 Nc6 6. a3 Nh6 7. b4 cxd4 8. cxd4 Nf5 9. Be3 f6 10. b5 Na5 11. Bd3 Nxe3 12. fxe3 Bd7 13. a4 Bb4+ 14. Nbd2 Nc4 15. Qe2 Nxd2 16. Nxd2 Bxd2+ 17. Qxd2 O-O 18. O-O fxe5 19. dxe5 Qc7 20. Qb2 Qc5 21. Rfe1 a6 22. bxa6 bxa6 23. Rac1 Qa7 24. Qe2 Bxa4 25. Qg4 Qe7 26. Qxa4 Rab8 27. Qxa6 Rb2 28. Rf1 Rfb8 29. Qc6 g6 30. Qc7 Qg5 31. Qf7+ Kh8 32. Qf6+ 1-0

[Event "Fagernes Open 2021"]
[Site "Fagernes"]
[Date "2021.10.16"]
[Round "8.14"]
[White "Sekkingstad, Thomas"]
[Black "Selvik, Elma"]
[Result "1-0"]
[ECO "D18"]
[WhiteElo "1812"]
[BlackElo "1352"]
[Annotator "NA"]
[PlyCount "69"]
[EventDate "2021.10.10"]
[EventCountry "NOR"]
[SourceTitle "playchess.com"]
[Source "ChessBase"]
[SourceQuality "1"]
[TimeControl "40/5400+30:1800+30"]

1. d4 d5 2. c4 c6 3. Nc3 Nf6 4. Nf3 dxc4 5. a4 Bf5 6. e3 e6 7. Bxc4 Nbd7 8. h3 Be7 9. Qb3 Nb6 10. Be2 a5 11. O-O h6 12. Ne5 O-O 13. Rd1 Qc7 14. f3 Rfd8 15. e4 Bh7 16. Be3 Nfd7 17. Nd3 c5 18. Nb5 Qc8 19. Nxc5 Nxc5 20. dxc5 Rxd1+ 21. Rxd1 Bxc5 22. Rc1 Nd7 23. Nd4 e5 24. Nb5 b6 25. Bc4 Bg6 26. Bd5 Rb8 27. Na7 Qf8 28. Nc6 Rc8 29. Bxc5 bxc5 30. Qb7 Qe8 31. Qxc8 Kf8 32. Qxe8+ Kxe8 33. Nxa5 f6 34. Nb7 Bf7 35. Nd6+ 1-0

[Event "Fagernes Open 2021"]
[Site "Fagernes"]
[Date "2021.10.16"]
[Round "8.15"]
[White "Andersen, Guttorm"]
[Black "Eriksen, Olai Dyrhaug"]
[Result "0-1"]
[ECO "B12"]
[WhiteElo "1731"]
[BlackElo "1809"]
[Annotator "NA"]
[PlyCount "64"]
[EventDate "2021.10.10"]
[EventCountry "NOR"]
[SourceTitle "playchess.com"]
[Source "ChessBase"]
[SourceQuality "1"]
[TimeControl "40/5400+30:1800+30"]

1. e4 c6 2. d4 d5 3. f3 g6 4. e5 Bg7 5. f4 h5 6. Nf3 Bg4 7. Bd3 Nh6 8. O-O O-O 9. Nc3 Nf5 10. Ne2 e6 11. c3 Nd7 12. Qe1 Qb6 13. Kh1 c5 14. Bxf5 Bxf5 15. Ng3 Bd3 16. Rg1 cxd4 17. Nxd4 Nc5 18. Qd1 h4 19. Nge2 Be4 20. h3 Nd3 21. Qb3 Nf2+ 22. Kh2 Qxb3 23. Nxb3 g5 24. Rf1 Nd3 25. fxg5 Bxe5+ 26. Kg1 Nxc1 27. Raxc1 Bd3 28. Rf2 Bc7 29. Nc5 Bc4 30. Kf1 Bb6 31. Nd7 Bxf2 32. Nxf8 Be3 0-1

[Event "Fagernes Open 2021"]
[Site "Fagernes"]
[Date "2021.10.16"]
[Round "8.16"]
[White "Wibe, Per H."]
[Black "Erikstad, Olav Aage"]
[Result "0-1"]
[ECO "B10"]
[WhiteElo "1755"]
[BlackElo "1761"]
[Annotator "NA"]
[PlyCount "38"]
[EventDate "2021.10.10"]
[EventCountry "NOR"]
[SourceTitle "playchess.com"]
[Source "ChessBase"]
[SourceQuality "1"]
[TimeControl "40/5400+30:1800+30"]

1. e4 e5 2. c4 c6 3. Nc3 d5 4. cxd5 cxd5 5. Nxd5 Nf6 6. Nxf6+ Qxf6 7. Nf3 Nc6 8. Bb5 Bg4 9. h3 Bd7 10. d3 h6 11. Be3 Bb4+ 12. Kf1 O-O 13. a3 Be7 14. g3 Rfd8 15. Nh4 g5 16. Bxc6 Bxc6 17. Nf5 Bxe4 18. Rg1 Bxd3+ 19. Ke1 Bxf5 0-1

[Event "Fagernes Open 2021"]
[Site "Fagernes"]
[Date "2021.10.16"]
[Round "8.17"]
[White "Galinsky, Misha"]
[Black "Hellesoy, David"]
[Result "0-1"]
[ECO "B63"]
[WhiteElo "1756"]
[BlackElo "1500"]
[Annotator "NA"]
[PlyCount "56"]
[EventDate "2021.10.10"]
[EventCountry "NOR"]
[SourceTitle "playchess.com"]
[Source "ChessBase"]
[SourceQuality "1"]
[TimeControl "40/5400+30:1800+30"]

1. e4 c5 2. Nf3 d6 3. d4 cxd4 4. Nxd4 Nf6 5. Nc3 Nc6 6. Bg5 e6 7. Qd2 Be7 8. O-O-O O-O 9. h4 Nxd4 10. Qxd4 h6 11. Bxf6 Bxf6 12. Qxd6 Qa5 13. Qg3 Bxc3 14. Qxc3 Qxa2 15. Bc4 Qa4 16. Kb1 Qc6 17. Qd3 a6 18. f3 b5 19. Bb3 a5 20. c3 a4 21. Bc2 f6 22. e5 f5 23. g4 Bb7 24. f4 Qc7 25. Rhg1 Be4 26. Qxb5 Rfb8 27. Qe2 a3 28. Kc1 Rxb2 0-1

[Event "Fagernes Open 2021"]
[Site "Fagernes"]
[Date "2021.10.17"]
[Round "9.1"]
[White "Kreken, Eivind Grunt"]
[Black "Dahl, Torbjorn"]
[Result "1-0"]
[ECO "C41"]
[WhiteElo "1838"]
[BlackElo "1876"]
[Annotator "NA"]
[PlyCount "55"]
[EventDate "2021.10.10"]
[EventCountry "NOR"]
[SourceTitle "playchess.com"]
[Source "ChessBase"]
[SourceQuality "1"]
[TimeControl "40/5400+30:1800+30"]

1. e4 d6 2. d4 Nf6 3. Nc3 Nbd7 4. Nf3 e5 5. g4 h6 6. g5 hxg5 7. Bxg5 c6 8. Qd2 b5 9. a3 a6 $11 10. O-O-O Qc7 11. h4 Be7 12. Bh3 a5 13. Bxd7+ Bxd7 14. dxe5 dxe5 15. Nxe5 b4 16. Bxf6 Bxf6 17. Nxd7 O-O-O 18. Na4 bxa3 19. bxa3 Be5 20. Nab6+ Kb7 21. Qxa5 Bd6 22. Rxd6 Rh5 23. Qxh5 Qxd6 24. Qa5 Qf4+ 25. Kb1 Qxf2 26. Nc5+ Kc7 27. Qa7+ Kd6 28. Nc4# 1-0

[Event "Fagernes Open 2021"]
[Site "Fagernes"]
[Date "2021.10.17"]
[Round "9.2"]
[White "Krivenko, Dion"]
[Black "Pedersen, Max Moe"]
[Result "1/2-1/2"]
[ECO "B53"]
[WhiteElo "2045"]
[BlackElo "1837"]
[Annotator "NA"]
[PlyCount "53"]
[EventDate "2021.10.10"]
[EventCountry "NOR"]
[SourceTitle "playchess.com"]
[Source "ChessBase"]
[SourceQuality "1"]
[TimeControl "40/5400+30:1800+30"]

1. e4 c5 2. Nf3 d6 3. d4 cxd4 4. Qxd4 Nf6 5. Bb5+ Bd7 6. Qc4 a6 7. Bxd7+ Nbxd7 8. Nc3 g6 9. Bf4 Bg7 10. O-O O-O 11. a4 Rc8 12. Qe2 Nb6 13. Rab1 Qd7 14. Ra1 Nh5 15. Be3 Nc4 $17 16. Nd5 e6 17. Nb6 Nxb6 18. Bxb6 Qc6 19. a5 Qxc2 20. Qxc2 Rxc2 21. Rad1 Rxb2 22. Rxd6 Nf6 23. Re1 Rc8 24. h3 Rb4 25. Red1 Bf8 26. Rd8 Rbc4 27. Ne5 1/2-1/2

[Event "Fagernes Open 2021"]
[Site "Fagernes"]
[Date "2021.10.17"]
[Round "9.3"]
[White "Amundsen, Ask"]
[Black "Myagmarsuren, Evsuld"]
[Result "1-0"]
[ECO "B90"]
[WhiteElo "1816"]
[BlackElo "1650"]
[Annotator "NA"]
[PlyCount "105"]
[EventDate "2021.10.10"]
[EventCountry "NOR"]
[SourceTitle "playchess.com"]
[Source "ChessBase"]
[SourceQuality "1"]
[TimeControl "40/5400+30:1800+30"]

1. e4 c5 2. Nf3 d6 3. d4 cxd4 4. Nxd4 Nf6 5. Nc3 a6 6. Be3 e5 7. Nb3 Be6 8. f3 Be7 9. Qd2 Nbd7 10. O-O-O O-O 11. g4 b5 12. h4 b4 13. Nd5 Bxd5 14. exd5 a5 $1 15. g5 Nh5 16. Bh3 Nb6 17. Qd3 a4 18. Nd2 Ra5 $14 (18... Qc7 $11) 19. Bxb6 Qxb6 20. Nc4 Qc5 21. Nxa5 Qxa5 22. Qc4 Nf4 23. Kb1 Bd8 24. Bd7 a3 25. Qb5 Qa7 26. Bc6 axb2 27. Qxb4 Ba5 28. Qxd6 Qe3 29. Bb5 Rd8 30. Qe7 Rb8 31. d6 Ng6 32. Qd7 Qb6 33. Bc4 Rf8 34. h5 Qc5 35. Bb3 Nf4 36. Rh2 Qc3 37. g6 Qxf3 38. Rdh1 Ne2 39. gxf7+ Kh8 40. Qe8 Nc3+ 41. Kxb2 Na4+ 42. Bxa4 Qc3+ 43. Kb1 Qb4+ 44. Bb3 Qxd6 45. Rg2 Bc3 46. Qa4 e4 47. Qc4 Qe5 48. Re2 e3 49. Qe6 Qc5 50. Qxe3 Qc6 51. Rf1 h6 52. Qe8 Qxe8 53. fxe8=Q 1-0

[Event "Fagernes Open 2021"]
[Site "Fagernes"]
[Date "2021.10.17"]
[Round "9.4"]
[White "Kittilsen, Sigurd"]
[Black "Bronmo, Askild Skovgaard"]
[Result "1-0"]
[ECO "B38"]
[WhiteElo "1881"]
[BlackElo "1637"]
[Annotator "NA"]
[PlyCount "151"]
[EventDate "2021.10.10"]
[EventCountry "NOR"]
[SourceTitle "playchess.com"]
[Source "ChessBase"]
[SourceQuality "1"]
[TimeControl "40/5400+30:1800+30"]

1. e4 c5 2. Nf3 Nc6 3. d4 cxd4 4. Nxd4 g6 5. c4 Bg7 6. Be3 Nf6 7. Nc3 O-O 8. Be2 d6 9. O-O Nxd4 10. Bxd4 Bd7 11. Qd2 Bc6 12. f3 a5 13. b3 Nd7 14. Be3 Nc5 15. Rac1 Qd7 16. Rfd1 Rfd8 17. Rc2 $14 Ra6 18. Nd5 Rc8 19. Qc1 Qe8 20. Qa3 Bd7 21. Bg5 f6 22. Be3 Be6 23. Rdc1 h5 24. h4 Kh7 25. Rd1 Bh6 26. Nf4 Qf7 27. Qc1 Rg8 28. Kh1 Bxf4 29. Bxf4 Raa8 30. Rb2 Rgc8 31. Qe3 Qe8 32. Rc2 Qf7 33. Qd4 Bd7 34. Qd5 Be6 35. Qd4 Bd7 36. Be3 Rc6 37. Qb2 Be6 38. Kh2 Rac8 39. Qa3 b6 40. g3 Nd7 41. f4 Nc5 42. Bf3 Bg4 43. Bxg4 hxg4 44. Bxc5 Rxc5 45. Re2 Qe8 46. Rd5 a4 47. Qb4 Qc6 48. f5 axb3 49. axb3 gxf5 50. exf5 Rc7 51. Qe1 Qb7 52. Re4 Rxd5 53. cxd5 Qxd5 54. Rxe7+ Rxe7 55. Qxe7+ Kg8 56. Qe8+ Kg7 57. Qg6+ Kf8 58. Qxf6+ Ke8 59. Qg6+ Kd8 60. Qg5+ Ke8 61. Qxg4 Qxb3 62. Qg6+ Kd7 63. h5 Qc2+ 64. Kh3 Qe4 65. Qf7+ Kc6 66. Qe6 Qf3 67. Kh4 b5 68. Qc8+ Kb6 69. Qb8+ Ka5 70. Qc7+ Ka4 71. Qc2+ Ka5 72. h6 b4 73. Qc7+ Ka4 74. Qd7+ Ka3 75. h7 Ka2 76. Qa4+ 1-0

[Event "Fagernes Open 2021"]
[Site "Fagernes"]
[Date "2021.10.17"]
[Round "9.5"]
[White "Strand, Amund Pihl"]
[Black "Fiskaaen, Martin Holten"]
[Result "0-1"]
[ECO "A11"]
[WhiteElo "1712"]
[BlackElo "1829"]
[Annotator "NA"]
[PlyCount "54"]
[EventDate "2021.10.10"]
[EventCountry "NOR"]
[SourceTitle "playchess.com"]
[Source "ChessBase"]
[SourceQuality "1"]
[TimeControl "40/5400+30:1800+30"]

1. c4 c6 2. Nf3 d5 3. e3 Nf6 4. Nc3 e6 5. b3 Nbd7 6. Bb2 Bd6 7. Be2 O-O 8. O-O b6 9. cxd5 exd5 10. Rc1 Bb7 11. d4 $11 Rc8 12. Bd3 Re8 13. Ne2 Qe7 14. Ng3 g6 15. Nd2 h5 16. e4 h4 17. e5 hxg3 18. hxg3 Nxe5 19. Re1 Nxd3 20. Rxe7 Rxe7 21. Nf1 Nxc1 22. Bxc1 c5 23. Ne3 cxd4 24. Nc2 Rxc2 25. Qxc2 Re1+ 26. Kh2 Ng4+ 27. Kh3 f5 0-1

[Event "Fagernes Open 2021"]
[Site "Fagernes"]
[Date "2021.10.17"]
[Round "9.6"]
[White "Skigelstrand, Live Jorgensen"]
[Black "Unhjem, Bjorn Robert Lovoll"]
[Result "0-1"]
[ECO "B52"]
[WhiteElo "1649"]
[BlackElo "1924"]
[Annotator "NA"]
[PlyCount "80"]
[EventDate "2021.10.10"]
[EventCountry "NOR"]
[SourceTitle "playchess.com"]
[Source "ChessBase"]
[SourceQuality "1"]
[TimeControl "40/5400+30:1800+30"]

1. e4 c5 2. Nf3 d6 3. Bb5+ Bd7 4. Bxd7+ Qxd7 5. c4 Nc6 6. Nc3 g6 7. d4 cxd4 8. Nxd4 Bg7 9. Be3 Nf6 10. f3 O-O 11. O-O a6 12. Qd3 Ne5 13. Qe2 Rac8 14. b3 b5 15. Nd5 $1 Nxd5 16. cxd5 Rc3 $14 17. Rad1 e6 18. h3 exd5 19. f4 Nc6 20. Nxc6 Qxc6 21. exd5 Qc8 22. Rc1 Re8 23. Qd2 b4 24. Kf2 Qf5 25. Rfe1 Rd3 26. Qxb4 Qxd5 27. Qa4 Kf8 28. Qc4 Qxc4 29. Rxc4 Bf6 30. g3 Kg7 31. Rc2 d5 32. Rd2 Rexe3 33. Red1 Rf3+ 34. Kg2 Rxg3+ 35. Kf2 Bd4+ 36. Ke2 Rde3+ 37. Kf2 Ref3+ 38. Ke1 Bc3 39. Ke2 Bxd2 40. Kxd2 Rd3+ 0-1

[Event "Fagernes Open 2021"]
[Site "Fagernes"]
[Date "2021.10.17"]
[Round "9.7"]
[White "Edvardsen, Ragnar"]
[Black "Ostensen, Nicolai Maxime"]
[Result "1-0"]
[ECO "D04"]
[WhiteElo "1865"]
[BlackElo "1768"]
[Annotator "NA"]
[PlyCount "101"]
[EventDate "2021.10.10"]
[EventCountry "NOR"]
[SourceTitle "playchess.com"]
[Source "ChessBase"]
[SourceQuality "1"]
[TimeControl "40/5400+30:1800+30"]

1. d4 Nf6 2. Nf3 g6 3. e3 Bg7 4. Bd3 d5 5. O-O O-O 6. b3 Nbd7 7. Bb2 c5 8. c4 b6 9. Nbd2 Bb7 10. Ne5 Nxe5 11. dxe5 Nd7 12. f4 e6 13. Nf3 Qe7 14. Qe2 Rfd8 15. Rad1 a5 16. a4 Rac8 $14 17. Ba3 Qe8 18. cxd5 Bxd5 19. Nd2 Bf8 20. e4 Bc6 21. Bc4 Bh6 22. Bb2 Nf8 23. f5 Rxd2 24. Rxd2 Bxd2 25. Qxd2 Bxe4 26. f6 Nd7 27. Bxe6 Rd8 28. Qf4 Bc6 29. Bc4 Nf8 30. Qh6 Ne6 31. Bxe6 Qf8 32. Qxf8+ Kxf8 33. Bc4 Rd2 34. Rf2 Rd1+ 35. Bf1 Bd5 36. Bc3 Bxb3 37. Rd2 Rxd2 38. Bxd2 Bxa4 39. Bc4 Bd7 40. Kf2 b5 41. Ba2 a4 42. Be3 c4 43. Bc5+ Ke8 44. Ke3 Bc6 45. g3 Kd7 46. Bb1 Ke6 47. Be4 Be8 48. Kd4 h5 49. h3 Kd7 50. Bd5 Kc7 51. e6 1-0

[Event "Fagernes Open 2021"]
[Site "Fagernes"]
[Date "2021.10.17"]
[Round "9.8"]
[White "Stokhaug, Jon Arne"]
[Black "Kveim, Ingvar Torjesen"]
[Result "1/2-1/2"]
[ECO "B07"]
[WhiteElo "1861"]
[BlackElo "1466"]
[Annotator "NA"]
[PlyCount "77"]
[EventDate "2021.10.10"]
[EventCountry "NOR"]
[SourceTitle "playchess.com"]
[Source "ChessBase"]
[SourceQuality "1"]
[TimeControl "40/5400+30:1800+30"]

1. Nf3 d6 2. d4 g6 3. e4 Nf6 4. Bd3 Bg7 5. h3 O-O 6. O-O c5 7. c3 a6 8. a4 Nc6 9. Be3 cxd4 10. cxd4 Nb4 11. Nc3 Nxd3 12. Qxd3 Bd7 13. Rfd1 Rb8 14. b4 b5 {[%emt 0:07:18] [#]} (14... d5 $11) 15. a5 (15. axb5 $1 $16 Bxb5 16. Nxb5 Rxb5 17. Bd2 (17. Rxa6 Rxb4 18. Rc1 d5 $14)) 15... Qc7 16. Rac1 $14 Qb7 $1 17. Bg5 h6 18. Bf4 Rbc8 19. d5 Rc4 20. Rb1 Rfc8 21. Rdc1 Be8 22. Nd2 R4c7 23. Ne2 Nd7 24. Rxc7 Rxc7 25. Rc1 Rxc1+ 26. Nxc1 Ne5 27. Qc2 Bd7 28. Be3 f5 29. f3 fxe4 30. fxe4 e6 31. dxe6 Bxe6 32. Ncb3 Nc4 33. Bf4 Qa7+ 34. Kh2 Be5 35. Bxe5 Nxe5 36. Nf1 Bxb3 37. Qxb3+ Qf7 38. Qd1 Nc4 39. Qd3 1/2-1/2

[Event "Fagernes Open 2021"]
[Site "Fagernes"]
[Date "2021.10.17"]
[Round "9.9"]
[White "Langvik, Ulrikke"]
[Black "Lye, Sigurd"]
[Result "0-1"]
[ECO "D40"]
[WhiteElo "1542"]
[BlackElo "1821"]
[Annotator "NA"]
[PlyCount "76"]
[EventDate "2021.10.10"]
[EventCountry "NOR"]
[SourceTitle "playchess.com"]
[Source "ChessBase"]
[SourceQuality "1"]
[TimeControl "40/5400+30:1800+30"]

1. d4 Nf6 2. Nf3 d5 3. e3 c5 4. c4 e6 5. Nc3 Nc6 6. b3 cxd4 7. Nxd4 Bb4 8. Bd2 Nxd4 9. exd4 O-O 10. a3 Be7 $15 11. c5 Ne4 12. Nxe4 dxe4 13. Be3 b6 14. Qc2 f5 15. g3 Bf6 16. Rd1 bxc5 17. dxc5 Qa5+ 18. Bd2 Qxa3 19. Bc4 Kh8 20. c6 Qc5 21. O-O Qxc6 22. Qa2 Bb7 23. Be3 Rfd8 24. Rc1 Bd4 25. b4 Bxe3 26. fxe3 Qb6 27. Rfe1 Bd5 28. Kf2 h6 29. Re2 Qxb4 30. Rb2 Bxc4 31. Rxc4 Qe7 32. Rbc2 Rd7 33. Rc6 Rad8 34. Ke2 Qg5 35. Kf2 Qg4 36. Kg1 Qf3 37. Rf2 Rd1+ 38. Rf1 Rxf1# 0-1

[Event "Fagernes Open 2021"]
[Site "Fagernes"]
[Date "2021.10.17"]
[Round "9.10"]
[White "Johannessen, Theo N"]
[Black "Fredriksen, Jan Gunnar"]
[Result "1/2-1/2"]
[ECO "D51"]
[WhiteElo "1668"]
[BlackElo "1835"]
[Annotator "NA"]
[PlyCount "80"]
[EventDate "2021.10.10"]
[EventCountry "NOR"]
[SourceTitle "playchess.com"]
[Source "ChessBase"]
[SourceQuality "1"]
[TimeControl "40/5400+30:1800+30"]

1. d4 e6 2. Nf3 Nf6 3. c4 d5 4. Nc3 c6 5. Bg5 Be7 6. e3 O-O 7. a3 Nbd7 8. Be2 dxc4 9. Bxc4 b5 10. Be2 a6 11. O-O Bb7 12. Qc2 h6 13. Bh4 Rc8 (13... c5 $11) 14. Rfd1 (14. b4 $14) 14... c5 15. dxc5 Rxc5 16. b4 Rc8 $11 17. Qb3 Nd5 18. Bxe7 Qxe7 19. Rac1 N7f6 20. Nxd5 Bxd5 21. Qb2 Qb7 22. h3 Rfd8 23. Rxc8 Rxc8 24. Rc1 Kf8 25. Rxc8+ Qxc8 26. Ne5 Qc7 27. Bf3 Bxf3 28. Nxf3 Nd5 29. Ne5 Nc3 30. Nd7+ Qxd7 31. Qxc3 Qd1+ 32. Kh2 Qd6+ 33. g3 f6 34. Qc8+ Kf7 35. Kg2 f5 36. h4 Kf6 37. h5 Qd5+ 38. Kg1 Qd1+ 39. Kg2 Qd5+ 40. Kg1 Qd1+ 1/2-1/2

[Event "Fagernes Open 2021"]
[Site "Fagernes"]
[Date "2021.10.17"]
[Round "9.11"]
[White "Erikstad, Olav Aage"]
[Black "Sekkingstad, Thomas"]
[Result "0-1"]
[ECO "B12"]
[WhiteElo "1761"]
[BlackElo "1812"]
[Annotator "NA"]
[PlyCount "94"]
[EventDate "2021.10.10"]
[EventCountry "NOR"]
[SourceTitle "playchess.com"]
[Source "ChessBase"]
[SourceQuality "1"]
[TimeControl "40/5400+30:1800+30"]

1. e4 c6 2. d4 d5 3. e5 c5 4. c3 Nc6 5. Nf3 Bg4 6. Bb5 e6 7. Qa4 Qc7 8. Nbd2 a6 9. dxc5 Bxf3 10. Nxf3 Bxc5 11. Nd4 Nge7 ({Much weaker is} 11... Qxe5+ $6 12. Be3 $14) 12. Be3 Qb6 13. O-O O-O 14. Bxc6 Nxc6 15. Nxc6 bxc6 16. Bxc5 Qxc5 17. Kh1 Rfb8 18. Rab1 h6 19. f4 a5 $15 20. f5 Qb5 21. Qg4 exf5 22. Qxf5 Qb7 23. e6 f6 24. b3 Qe7 25. Rbd1 Re8 26. Rfe1 Rad8 27. c4 d4 28. c5 Rd5 29. Qg4 Qxc5 30. Qg6 Re7 31. Qd3 Re5 32. Rxe5 fxe5 33. Qa6 Qd5 34. Qc8+ Kh7 35. Rf1 Qxe6 36. Qa6 Qd5 37. Qc8 e4 38. Rf8 Qe6 39. Qa6 Rf7 40. Rxf7 Qxf7 41. h3 Qd5 42. Kh2 d3 43. h4 d2 44. h5 d1=Q 45. Qc8 Qe5+ 46. g3 Qe2+ 47. Kh1 Qa1# 0-1

[Event "Fagernes Open 2021"]
[Site "Fagernes"]
[Date "2021.10.17"]
[Round "9.12"]
[White "Eriksen, Olai Dyrhaug"]
[Black "Hellesoy, David"]
[Result "1-0"]
[ECO "E05"]
[WhiteElo "1809"]
[BlackElo "1500"]
[Annotator "NA"]
[PlyCount "103"]
[EventDate "2021.10.10"]
[EventCountry "NOR"]
[SourceTitle "playchess.com"]
[Source "ChessBase"]
[SourceQuality "1"]
[TimeControl "40/5400+30:1800+30"]

1. d4 Nf6 2. c4 e6 3. g3 d5 4. Bg2 Be7 5. Nf3 O-O 6. O-O dxc4 7. Na3 c5 8. dxc5 Bxc5 9. Nxc4 Nc6 10. a3 a6 11. b4 Ba7 $16 12. Bb2 Qe7 13. Qb3 b5 14. Nfe5 Nxe5 15. Nxe5 Bb7 16. Nc6 Bxc6 17. Bxc6 Rac8 18. Rac1 Rfd8 19. Bf3 Ne8 20. Rxc8 Rxc8 21. Rd1 Nd6 22. Qd3 Nc4 23. Qd7 Qxd7 24. Rxd7 Bxf2+ 25. Kxf2 Nxb2 26. Ra7 g6 27. Rxa6 Nc4 28. g4 g5 29. Be4 h6 30. Bd3 Kf8 31. Ra7 Ke8 32. Kg3 Nd6 33. h4 Rc3 34. hxg5 hxg5 35. Kf2 Nc4 36. Bxc4 Rxc4 37. Kf3 f6 38. e3 Rc6 39. Ke4 Rd6 40. Rb7 Rd5 41. Kf3 Kd8 42. Rf7 f5 43. Rg7 fxg4+ 44. Kxg4 Re5 45. Kf3 Ke8 46. e4 Kf8 47. Rc7 Ke8 48. Rh7 Kf8 49. Ke3 Kg8 50. Rh1 Kg7 51. Kd4 Kf6 52. Rf1+ 1-0

[Event "Fagernes Open 2021"]
[Site "Fagernes"]
[Date "2021.10.17"]
[Round "9.13"]
[White "Stromhaug, Kristoffer Wang"]
[Black "Carlin, Tormod"]
[Result "0-1"]
[ECO "B38"]
[WhiteElo "1718"]
[BlackElo "1554"]
[Annotator "NA"]
[PlyCount "78"]
[EventDate "2021.10.10"]
[EventCountry "NOR"]
[SourceTitle "playchess.com"]
[Source "ChessBase"]
[SourceQuality "1"]
[TimeControl "40/5400+30:1800+30"]

1. e4 c5 2. Nf3 Nc6 3. d4 cxd4 4. Nxd4 Nf6 5. f3 g6 6. Be3 Bg7 7. Qd2 O-O 8. c4 d6 9. Nc3 a6 10. Be2 Bd7 11. O-O Qc7 12. Rac1 Rac8 13. Nd5 Qd8 14. Nb3 Nxd5 15. cxd5 Ne5 16. Qb4 Rxc1 17. Rxc1 Qb8 18. Na5 b5 19. f4 Ng4 20. Bxg4 Bxg4 21. Nc6 Qb7 22. a4 Re8 23. Na5 Qb8 24. Rc6 bxa4 25. Rb6 Qc7 26. Nc6 Bc8 27. Qxa4 Kf8 28. e5 e6 29. exd6 Qxd6 30. Nb4 Qd8 31. Bc5+ Kg8 32. d6 Bd7 33. Nc6 Qc8 34. Qe4 Bxb2 35. Bb4 Bf6 36. Qc4 a5 37. Bxa5 Qa8 38. Qb5 Bd4+ 39. Kf1 Bxb6 0-1

[Event "Fagernes Open 2021"]
[Site "Fagernes"]
[Date "2021.10.17"]
[Round "9.15"]
[White "Lystad, Maximilian L"]
[Black "Stenseng, Benjamin"]
[Result "0-1"]
[ECO "A10"]
[WhiteElo "1767"]
[BlackElo "1590"]
[Annotator "NA"]
[PlyCount "92"]
[EventDate "2021.10.10"]
[EventCountry "NOR"]
[SourceTitle "playchess.com"]
[Source "ChessBase"]
[SourceQuality "1"]
[TimeControl "40/5400+30:1800+30"]

1. c4 f5 2. g3 Nf6 3. Bg2 e6 4. Nf3 Be7 5. O-O O-O 6. d3 Nc6 7. Nc3 b6 8. a3 a5 9. b3 Bb7 10. Bb2 h6 11. Ne5 Kh7 12. Rc1 Rb8 13. d4 Nxe5 14. dxe5 Ng4 15. Nb5 Bxg2 16. Kxg2 h5 17. h3 Nh6 18. Qd3 Qc8 19. Rfd1 Qb7+ 20. Qf3 c6 21. Nd6 Bxd6 22. Rxd6 h4 23. c5 hxg3 24. fxg3 bxc5 25. Rxc5 Qxb3 26. Qxb3 Rxb3 27. Bc1 Rf7 28. Rxa5 f4 29. Bxf4 Nf5 30. Rd3 Rb2 31. Ra7 Rxe2+ 32. Kf3 Ra2 33. a4 Ra1 34. a5 Ra2 35. a6 Ra1 36. Ra8 Ra2 37. a7 Ra1 38. Ke2 Ra2+ 39. Rd2 Ra3 40. Kd1 c5 41. Rb2 Nd4 42. Be3 Rd3+ 43. Ke1 Rxe3+ 44. Kd2 Ra3 45. Rbb8 Rf2+ 46. Ke1 Re2+ 0-1

[Event "Fagernes Open 2021"]
[Site "Fagernes"]
[Date "2021.10.17"]
[Round "9.16"]
[White "Cross, Jamie"]
[Black "Johnsen, Ole Jacob"]
[Result "1-0"]
[ECO "B01"]
[WhiteElo "1761"]
[BlackElo "1483"]
[Annotator "NA"]
[PlyCount "31"]
[EventDate "2021.10.10"]
[EventCountry "NOR"]
[SourceTitle "playchess.com"]
[Source "ChessBase"]
[SourceQuality "1"]
[TimeControl "40/5400+30:1800+30"]

1. e4 d5 2. exd5 Qxd5 3. Nf3 Bf5 4. Nc3 Qa5 5. Bc4 c6 6. O-O e6 7. Re1 Nd7 8. d4 O-O-O 9. Bf4 Bb4 10. Qe2 Bg4 11. h3 Bxf3 12. Qxf3 Ngf6 13. a3 Be7 14. b4 Qh5 15. Qxc6+ bxc6 16. Ba6# 1-0

[Event "Fagernes Open 2021"]
[Site "Fagernes"]
[Date "2021.10.17"]
[Round "9.17"]
[White "Haugen, Lars Tormod"]
[Black "Lien, Sebastian"]
[Result "1-0"]
[ECO "A36"]
[WhiteElo "1756"]
[BlackElo "1316"]
[Annotator "NA"]
[PlyCount "59"]
[EventDate "2021.10.10"]
[EventCountry "NOR"]
[SourceTitle "playchess.com"]
[Source "ChessBase"]
[SourceQuality "1"]
[TimeControl "40/5400+30:1800+30"]

1. c4 c5 2. Nc3 Nc6 3. g3 g6 4. Bg2 Bg7 5. a3 e5 6. d3 a6 7. Nf3 Nge7 8. O-O O-O 9. Ne1 Rb8 10. Bg5 h6 11. Bxe7 Qxe7 12. Rb1 b5 13. cxb5 axb5 14. Nd5 Qe8 15. b4 cxb4 16. Nxb4 Nxb4 17. Rxb4 d6 18. Nc2 Bb7 19. Ne3 Bxg2 20. Kxg2 Qc6+ 21. Kg1 Rfc8 22. Qb3 Rb7 23. Rb1 Rcb8 24. Nd5 Bf8 25. e4 Ra8 26. Qb2 Rba7 27. Rc1 Qa6 28. Nc7 Rxc7 29. Rxc7 Qxa3 30. Qb3 1-0